 Dungeon Crawl Stone Soup version 0.24.0-13-gcf9b3192b9 (webtiles) character file.

Game seed: 14029488684040357496, levelgen mode: deterministic

1939212 dxctxrx the Rich (level 27, 215/215 HPs)
             Began as a Gnoll Arcane Marksman on Nov 4, 2019.
             Was an Initiate of Gozag.
             Escaped with the Orb
             ... and 4 runes on Nov 6, 2019!
             The game lasted 08:22:48 (94447 turns).

dxctxrx the Rich (Gnoll Arcane Marksman)           Turns: 94447, Time: 08:22:49

Health: 215/215    AC: 25    Str: 30      XL:     27
Magic:  44/44      EV: 23    Int: 24 (25) God:    Gozag
Gold:   2302       SH: 32    Dex: 17      Spells: 3/60 levels left

rFire    + . .     SeeInvis .   a - +9 broad axe (vamp)
rCold    + . .     Gourm    .   k - +9 large shield of the Stars {rPois rN+ MP+9 Stlth-}
rNeg     + . .     Faith    .   A - +5 ring mail {MR+}
rPois    +         Spirit   .   j - +0 hat "Nubyttou" {Regen+ Str+2 Stlth-}
rElec    .         Reflect  .   v - +2 cloak
rCorr    .         Harm     .   z - +2 pair of gloves {Str+3}
MR       ++++.     Rnd*Rage +   t - +2 pair of boots {run}
Stlth    ++........             l - amulet of regeneration
HPRegen  1.25/turn              H - ring of Geesu {rC+ Str+3}
MPRegen  0.29/turn              w - ring of Juicraysk {rF+ MR+ Str+3 Int+4, =R}

@: bribing [the Dungeon, the Realm of Zot, the Depths], deflect missiles, quick
A: distributed training, antennae 1, fangs 1, [berserk 2], [blurry vision 1],
low mp 1[+1], [screaming 2], no potion heal 1, strong nose
0: Orb of Zot
}: 4/15 runes: decaying, serpentine, slimy, silver
a: Potion Petition, Call Merchant, Bribe Branch, Renounce Religion


You escaped.
You worshipped Gozag.
Gozag was most pleased with you.
You were not hungry.

You visited 11 branches of the dungeon, and saw 55 of its levels.

You collected 32209 gold pieces.
You spent 8454 gold pieces at shops.
You paid 21453 gold pieces to Gozag.

Inventory:

Hand Weapons
 a - a +9 vampiric broad axe (weapon)
 b - the +6 hand crossbow of Lies {elec, Dex+5}
   (You found it on level 2 of the Swamp)

   It charges the ammunition it shoots with electricity; occasionally upon a
   hit, such missiles may discharge and cause terrible harm.
   It affects your dexterity (+5).
Missiles
 m - 2071 bolts
 E - 36 boomerangs (quivered)
Armour
 j - the +0 hat "Nubyttou" (worn) {Regen+ Str+2 Stlth-}
   (You bought it in a shop on level 10 of the Dungeon)

   It affects your strength (+2).
   It increases your rate of regeneration.
   It makes you less stealthy.
 k - the +9 large shield of the Stars (worn) {rPois rN+ MP+9 Stlth-}
   (You bought it in a shop on level 2 of the Depths)

   It protects you from poison.
   It protects you from negative energy.
   It affects your magic capacity (+9).
   It makes you less stealthy.
 t - a +2 pair of boots of running (worn)
 v - a +2 cloak (worn)
 z - a +2 pair of gloves of strength (worn)
 A - a +5 ring mail of magic resistance (worn)
Jewellery
 h - an uncursed ring of see invisible
 l - an amulet of regeneration (around neck)
 o - the ring of Zeraag {+Fly rF+ Int+4}
   (You took it off a deep elf mage on level 3 of the Elven Halls)

   [ring of protection from fire]

   It affects your intelligence (+4).
   It protects you from fire.
   It lets you fly.
 w - the ring of Juicraysk (right hand) {rF+ MR+ Str+3 Int+4, =R}
   (You found it on level 5 of the Pits of Slime)

   [ring of protection from fire]

   It affects your strength (+3).
   It affects your intelligence (+4).
   It protects you from fire.
   It affects your resistance to hostile enchantments.
 x - an uncursed ring of resist corrosion
 H - the ring of Geesu (left hand) {rC+ Str+3}
   (You found it on level 5 of the Pits of Slime)

   [ring of protection from cold]

   It affects your strength (+3).
   It protects you from cold.
Wands
 e - a wand of disintegration (6)
 D - a wand of digging (9)
 I - a wand of iceblast (26)
 O - a wand of clouds (4)
 P - a wand of paralysis (13)
 S - a wand of scattershot (1)
Scrolls
 d - 4 scrolls of silence
 n - a scroll of summoning
 r - 2 scrolls of identify
 s - 4 scrolls of enchant armour
 y - 5 scrolls of fog
 C - 21 scrolls of remove curse
 K - 5 scrolls of blinking
 T - 12 scrolls of teleportation
 V - 5 scrolls of fear
 Y - 4 scrolls of amnesia
 Z - 7 scrolls of immolation {!r}
Potions
 g - 2 potions of cancellation
 i - 4 potions of magic
 p - 3 potions of ambrosia
 B - 8 potions of brilliance
 G - a potion of agility
 J - a potion of invisibility
 M - 7 potions of might
 Q - 12 potions of curing
 R - 2 potions of resistance
 U - 9 potions of mutation {!q}
 W - 5 potions of heal wounds
Miscellaneous
 c - 2 phantom mirrors
 q - a fan of gales
 u - a lightning rod (4/4)
 F - a phial of floods
 L - a lamp of fire
 X - 2 boxes of beasts
Comestibles
 f - 12 rations


   Skills:
 + Level 17.4 Fighting
 + Level 17.3 Short Blades
 + Level 17.3 Long Blades
 + Level 17.3 Axes
 + Level 17.3 Maces & Flails
 + Level 17.3 Polearms
 + Level 17.3 Staves
 + Level 17.7 Slings
 + Level 17.3 Bows
 + Level 17.3 Crossbows
 + Level 17.3 Throwing
 + Level 17.3 Armour
 + Level 17.7 Dodging
 + Level 17.3 Stealth
 + Level 17.3 Shields
 + Level 17.3 Unarmed Combat
 + Level 17.4 Spellcasting
 + Level 14.9 Conjurations
 + Level 15.6 Hexes
 + Level 14.9 Charms
 + Level 14.9 Summonings
 + Level 14.9 Necromancy
 + Level 14.9 Translocations
 + Level 14.9 Transmutations
 + Level 14.9 Fire Magic
 + Level 14.9 Ice Magic
 + Level 14.9 Air Magic
 + Level 14.9 Earth Magic
 + Level 14.9 Poison Magic
 + Level 18.6 Invocations
 + Level 17.3 Evocations


You had 3 spell levels left.
You knew the following spells:

 Your Spells              Type           Power        Failure   Level  Hunger
a - Apportation           Tloc           ######       1%          1    None
b - Borgnjor's Vile Clut  Necr/Erth      #######...   1%          5    None
c - Irradiate             Conj/Tmut      #######...   1%          5    None
d - Sticky Flame          Conj/Fire      #######.     1%          4    None
e - Summon Lightning Spi  Summ/Air       #######.     1%          4    None
f - Deflect Missiles      Chrm/Air       #######...   2%          6    ####...
g - Portal Projectile     Hex/Tloc       ######       1%          3    None
h - Olgreb's Toxic Radia  Pois           #######.     1%          4    None
i - Statue Form           Tmut/Erth      #######..    2%          6    ####...
j - Conjure Flame         Conj/Fire      #######.     1%          3    None
k - Blink                 Tloc           N/A          1%          2    None
n - Summon Butterflies    Summ           #######.     1%          1    None
p - Passwall              Tmut/Erth      #######.     1%          2    None
I - Invisibility          Hex            #######.     1%          6    ####...
S - Silence               Hex/Air        #######...   1%          5    None

Your spell library contained the following spells:

 Spells                   Type           Power        Failure   Level  Hunger
 Confusing Touch          Hex            ######       0%          1    None
 Corona                   Hex            #######      0%          1    None
 Animate Skeleton         Necr           N/A          1%          1    None
 Beastly Appendage        Tmut           ######       1%          1    None
 Flame Tongue             Conj/Fire      #####        1%          1    None
 Magic Dart               Conj           ####         1%          1    None
 Sandblast                Erth           ######       1%          1    None
 Sting                    Conj/Pois      ####         1%          1    None
 Summon Small Mammal      Summ           ####         1%          1    None
 Call Imp                 Summ           #######.     1%          2    None
 Ensorcelled Hibernation  Hex/Ice        ######       1%          2    None
 Poisonous Vapours        Pois/Air       ######       1%          2    None
 Slow                     Hex            #######.     1%          2    None
 Sticks to Snakes         Tmut           #######.     1%          2    None
 Swiftness                Chrm/Air       #######.     1%          2    None
 Throw Flame              Conj/Fire      ######       1%          2    None
 Call Canine Familiar     Summ           #######.     1%          3    None
 Ignite Poison            Fire/Tmut/Pois #######.     1%          3    None
 Inner Flame              Hex/Fire       #######.     1%          3    None
 Mephitic Cloud           Conj/Pois/Air  #######.     1%          3    None
 Recall                   Summ/Tloc      N/A          1%          3    None
 Spider Form              Tmut/Pois      #######...   1%          3    None
 Stone Arrow              Conj/Erth      ######       1%          3    None
 Summon Guardian Golem    Hex/Summ       #######.     1%          3    None
 Animate Dead             Necr           N/A          1%          4    None
 Cause Fear               Hex            #######...   1%          4    None
 Ice Form                 Ice/Tmut       #######.     1%          4    None
 Leda's Liquefaction      Hex/Erth       #######...   1%          4    None
 Petrify                  Tmut/Erth      #######.     1%          4    None
 Summon Ice Beast         Ice/Summ       #######.     1%          4    None
 Blade Hands              Tmut           #######...   1%          5    None
 Bolt of Magma            Conj/Fire/Erth #######...   1%          5    None
 Fireball                 Conj/Fire      #######...   1%          5    None
 Iskenderun's Battlesphe  Conj/Chrm      #######.     1%          5    None
 Lee's Rapid Deconstruct  Erth           #######...   1%          5    None
 Metabolic Englaciation   Hex/Ice        #######...   1%          5    None
 Summon Mana Viper        Hex/Summ       #######.     1%          5    None
 Venom Bolt               Conj/Pois      #######...   1%          5    None
 Yara's Violent Unravell  Hex/Tmut       #######...   1%          5    None
 Darkness                 Hex            #######...   1%          6    ####...
 Bolt of Cold             Conj/Ice       #######...   2%          6    ####...
 Bolt of Fire             Conj/Fire      #######...   2%          6    ####...
 Conjure Ball Lightning   Conj/Air       #######...   2%          6    ####...
 Death Channel            Necr           #######...   2%          6    ####...
 Freezing Cloud           Conj/Ice/Air   #######...   2%          6    ####...
 Hydra Form               Tmut           #######...   2%          6    ####...
 Iron Shot                Conj/Erth      #######...   2%          6    ####...
 Ozocubu's Refrigeration  Ice            #######...   2%          6    ####...
 Poison Arrow             Conj/Pois      #######...   2%          6    ####...
 Shadow Creatures         Summ           N/A          2%          6    ####...
 Simulacrum               Ice/Necr       #######...   2%          6    ####...
 Dragon Form              Tmut           #######...   16%         7    #####..
 Orb of Destruction       Conj           #######...   16%         7    #####..
 Ring of Flames           Chrm/Fire      #######...   16%         7    #####..
 Spellforged Servitor     Conj/Summ      #######...   16%         7    #####..
 Summon Hydra             Summ           #######...   16%         7    #####..
 Discord                  Hex            #######...   65%         8    #######
 Chain Lightning          Conj/Air       #######...   77%         8    #######
 Ignition                 Fire           #######...   77%         8    #######
 Lehudib's Crystal Spear  Conj/Erth      #######...   77%         8    #######
 Fire Storm               Conj/Fire      #######...   100%        9    #######
 Glaciate                 Conj/Ice       #######...   100%        9    #######
 Tornado                  Air            #######...   100%        9    #######
 Passage of Golubria      Tloc           Unusable     N/A         4    N/A

Dungeon Overview and Level Annotations

Branches:
Dungeon (15/15)            Temple (1/1) D:6            Lair (6/6) D:10
  Swamp (4/4) Lair:4        Snake (4/4) Lair:2        Slime (5/5) Lair:6
    Orc (2/2) D:11            Elf (3/3) Orc:2        Vaults (5/5) D:14
  Crypt (0/3) Vaults:2     Depths (5/5) D:15            Zot (5/5) Depths:5

Altars:
Ashenzari
Cheibriados
Dithmenos
Elyvilon
Fedhas
Gozag
Hepliaklqana
Kikubaaqudgha
Makhleb
Nemelex Xobeh
Okawaru
Qazlal
Ru
Sif Muna
Trog
Uskayaw
Vehumet
Wu Jian
Xom
Yredelemnul
Zin
The Shining One
Beogh
Jiyva

Shops:
D:8 ?   D:10 ([:[*(   D:14 !   Orc:2 **[(*   Elf:1 :   Snake:3 =}=   Vaults:3 (
Depths:2 [

Portals:
Hell: Depths:1 Depths:2 Depths:3 Depths:4 Depths:5
Abyss: Depths:2 Depths:4
Pandemonium: Depths:2 Depths:3
Ziggurat: Depths:1

Annotations:
D:9 1 exclusion
Lair:1 exclusion: oklob plant
Swamp:1 exclusion: downstairs
Snake:2 Nikola
Slime:5 exclusion: azure jelly
Elf:2 exclusion: 3 doors
Depths:1 2 transporters, no0bjke's ghost, adept GrFi
Depths:2 exclusion: tormentor
Zot:5 lag ...


Innate Abilities, Weirdness & Mutations

Your experience applies equally to all skills.
You have very sharp teeth.
Your uncanny sense of smell can sniff out nearby items.
You have a pair of small antennae on your head.
Potions are less effective at restoring your health.
[You often lose your temper in combat.]
[Scrolls take you a little longer to read.]
[Your magical capacity is very low. (-20% MP)]
[You sometimes yell uncontrollably at your foes.]


Message History

You howl at the Orb Guardian!
The Orb Guardian stares, then turns away, jangling a coin purse.
An Orb Guardian comes into view.
The golden eye turns its gaze towards you.
You slash the golden eye!
You kill the golden eye!
Unknown command.
You completely miss the golden eye. You slash the golden eye!
You kill the golden eye!
(D) Dungeon (T) Temple (L) Lair (S) Swamp (P) Snake Pit (M) Slime Pits (O) Orcish Mines (E) Elven Halls (V) Vaults (C) Crypt (U) Depths (H) Hell (Z) Zot
Where to? (Enter - D:1 @ (x,y), ? - help)
You now have 2302 gold pieces (gained 5).
You open the door.
There is an open door here.
There is a staircase leading out of the dungeon here.
You have escaped!

#....................#
#.##.....######...####
#.................#
#..#####'#####....#
#..#PPP#.#PPP#....#
#..#P⌠P#.#P⌠P#.X..#
#..#PPP#.#PPP#..###
#..#####.#####..#
#..+....@....'.X#
##)#####.#####..#
#.#PPP#.#PPP#..#
#.#P⌠P#.#P⌠P#..#
#.#PPP#.#PPP#..#
#.#####+#####..#
#..............#
#######........#
##########


You could see a neutral Orb Guardian (wandering).

Vanquished Creatures
  the Royal Jelly (Slime:5)
  3 orbs of fire
  Sojobo (Vaults:4)
  A curse toe (Zot:5)
  A Killer Klown (Zot:3)
  Vashnia (Snake:4)
  Jory (Vaults:2)
  6 golden dragons
  An electric golem (Zot:5)
  Rupert (D:13)
  Jorgrun (Swamp:2)
  6 tentacled monstrosities
  4 liches
  7 quicksilver dragons
  7 Orb Guardians (Zot:5)
  6 deep elf blademasters (Elf:3)
  Asterion (Depths:1)
  22 acid blobs
  4 titans
  3 deep elf master archers (Elf:3)
  A death cob (Zot:3)
  7 sphinxes
  Kirke (Lair:5)
  5 shadow dragons
  15 storm dragons
  7 tengu reavers
  4 draconian monks
  14 azure jellies
  The ghost of Ypsiuj the Thaumaturge, an adept GnSk of Makhleb (Swamp:2)
  4 draconian scorchers
  4 nagarajas (Snake:4)
  8 fire giants
  8 deep elf sorcerers
  10 frost giants
  An iron dragon (Vaults:5)
  A balrug (Depths:1)
  3 draconian knights
  Aizul (Depths:2)
  A corrupter (Depths:5)
  3 orc warlords
  3 draconian shifters
  A draconian stormcaller (Depths:5)
  5 deep elf elementalists
  12 vault wardens
  A ghoul (D:14)
  2 spriggan defenders (Depths:5)
  3 draconian annihilators
  A war gargoyle (Vaults:5)
  16 ironheart preservers
  18 stone giants
  9 very ugly things
  4 entropy weavers
  A vampire knight (Vaults:2)
  4 deep elf demonologists
  5 deep elf annihilators
  5 white draconians
  3 green draconians
  5 purple draconians
  4 spark wasps (Depths:5)
  5 black draconians
  6 red draconians
  A spark wasp (shapeshifter) (Vaults:5)
  3 yellow draconians
  4 deep elf death magi
  2 merfolk javelineers
  2 crystal guardians (Depths:2)
  A merfolk impaler (Depths:5)
  10 fire dragons
  13 ettins
  14 great orbs of eyes
  An eidolon (Vaults:2)
  The ghost of Ypehuijo the Spear-Bearer, a journeyman OpFi of Gozag (Lair:5)
  18 yaktaur captains
  9 death oozes (Slime:5)
  3 deep elf high priests
  31 vault guards
  14 ogre magi
  4 rakshasas
  13 centaur warriors
  20 hydras
  A hydra (shapeshifter) (Vaults:1)
  3 spriggan air magi
  A catoblepas (D:14)
  9 ice dragons
  A shambling mangrove (Swamp:2)
  16 anacondas
  15 naga warriors
  10 alligators
  A ghost crab (Swamp:4)
  3 death knights
  An anaconda (shapeshifter) (Vaults:5)
  8 deep troll earth magi
  5 death yaks
  36 two-headed ogres
  13 deep troll shamans
  7 tengu warriors
  3 vampire magi
  3 orc high priests (Vaults:4)
  5 shock serpents
  Sonja (Lair:4)
  3 spriggan berserkers
  18 naga sharpshooters
  2 sun demons (Depths:1)
  13 deep elf knights
  4 iron trolls
  A storm dragon zombie (Depths:2)
  39 deep trolls
  A fire crab (shapeshifter) (Vaults:2)
  4 salamander mystics (Snake:4)
  3 sixfirhies
  A torturous demonspawn (Depths:5)
  An unseen horror (shapeshifter) (D:15)
  A deep troll (shapeshifter) (Vaults:2)
  10 swamp dragons
  An infernal demonspawn (Depths:3)
  4 naga ritualists
  11 deep elf archers
  A gelid demonspawn (Depths:3)
  4 glowing orange brains
  A shadow demon (Depths:5)
  Pikel (D:5)
  12 ironbrand convokers
  5 spriggan druids
  2 lindwurms (Snake:4)
  2 flayed ghosts
  A phantasmal warrior (Vaults:4)
  16 orc knights
  5 harpies
  2 necromancers
  5 wizards
  A wolf spider (shapeshifter) (Vaults:5)
  8 mana vipers
  A shining eye (shapeshifter) (Vaults:5)
  49 ugly things
  6 wolf spiders
  6 orc sorcerers
  57 deep elf magi
  A manticore (shapeshifter) (Depths:5)
  2 shining eyes
  16 moths of wrath
  A tengu skeleton (Depths:2)
  5 cyclopes
  A manticore (D:11)
  A moth of wrath (shapeshifter) (Vaults:5)
  Joseph (D:9)
  3 salamanders
  16 naga magi
  A water nymph (shapeshifter) (Vaults:5)
  31 black mambas
  9 guardian serpents
  13 vault sentinels
  2 centaur zombies
  A fire giant skeleton (Depths:2)
  2 molten gargoyles (Lair:6)
  3 elephants (Lair:4)
  A black mamba (shapeshifter) (Depths:2)
  15 spiny frogs
  2 eyes of devastation (shapeshifter)
  An eye of devastation (Slime:1)
  Maurice (D:9)
  A torpor snail (Lair:3)
  4 gargoyles
  A hellion (Depths:4)
  A rime drake (Lair:4)
  2 hellwings (Depths:4)
  An efreet (D:15)
  A yaktaur zombie (Depths:1)
  6 komodo dragons
  62 yaktaurs
  A kobold demonologist (D:14)
  A tormentor (Depths:3)
  6 red devils
  7 freezing wraiths
  A wind drake (shapeshifter) (Elf:2)
  A guardian mummy (Depths:4)
  2 jumping spiders
  A queen bee (shapeshifter) (Vaults:1)
  A troll (shapeshifter) (Depths:5)
  10 trolls
  4 polar bears
  A meliai (shapeshifter) (Vaults:3)
  2 tengu conjurers
  22 hornets
  13 tyrant leeches
  3 bog bodies
  An ice dragon zombie (Depths:1)
  A sphinx simulacrum (Depths:2)
  A wolf spider simulacrum (D:14)
  6 hippogriffs
  A dream sheep (shapeshifter) (Vaults:5)
  11 blink frogs
  A spriggan zombie (Depths:1)
  83 slime creatures
  A blink frog (shapeshifter) (Vaults:1)
  6 air elementals
  A redback (shapeshifter) (Vaults:4)
  7 redbacks
  A tarantella (Vaults:5)
  35 yaks
  A ynoxinul (Zot:2)
  11 water elementals
  4 shadows
  13 spriggans
  5 wyverns
  5 wraiths
  Eustachio (D:4)
  A chaos spawn (Depths:5)
  A golden eye (shapeshifter) (Depths:4)
  4 hogs (Lair:5)
  6 golden eyes
  2 fire elementals (Elf:3)
  7 vampire mosquitoes
  A hungry ghost (D:13)
  2 basilisks
  A neqoxec (Depths:5)
  A warg (shapeshifter) (Vaults:5)
  A swamp worm (shapeshifter) (Depths:5)
  6 insubstantial wisps (Swamp:2)
  13 wargs
  3 soldier ants
  2 acid dragons
  24 swamp worms
  34 nagas
  8 water moccasins
  6 porcupines
  10 swamp drakes
  4 hell hounds
  6 sky beasts
  7 ice beasts
  An ice beast (shapeshifter) (Vaults:2)
  A fire dragon simulacrum (Depths:1)
  55 orc warriors
  A slave (D:5)
  A black bear (D:9)
  2 ettin simulacra
  2 phantoms
  A spriggan simulacrum (Depths:2)
  An eye of draining (shapeshifter) (Vaults:2)
  4 eyes of draining
  16 wolves
  A boggart (D:14)
  25 centaurs
  A crocodile (shapeshifter) (D:14)
  30 ogres
  13 crocodiles
  3 big kobolds
  Blork the orc (D:4)
  19 bullfrogs
  4 earth elementals
  A hornet simulacrum (D:14)
  A wyvern skeleton (D:15)
  5 scorpions
  15 wights
  12 killer bees
  4 jellies
  A howler monkey (D:7)
  3 electric eels
  4 lava snakes (Lair:6)
  8 crimson imps
  2 bullfrog zombies
  5 hounds
  26 orc wizards
  A bullfrog skeleton (D:10)
  A centaur skeleton (D:4)
  27 orc priests
  5 human zombies (D:15)
  2 human skeletons (D:15)
  Ijyb (D:3)
  2 iguanas
  9 worker ants
  4 hell rats
  A bullfrog simulacrum (D:11)
  An ogre zombie (D:15)
  A hound skeleton (D:4)
  A hound zombie (D:10)
  2 worker ant zombies
  10 adders
  3 shadow imps
  3 white imps
  An ufetubus (D:11)
  An ooze (D:2)
  2 worms
  4 dart slugs
  2 leopard geckos
  157 orcs
  3 ball pythons
  10 giant cockroaches
  12 goblins
  7 hobgoblins
  8 jackals
  5 quokkas
  14 bats
  3 frilled lizards
  18 kobolds
  A leopard gecko skeleton (D:4)
  2 orc skeletons (D:15)
  A quokka skeleton (D:4)
  7 rats
  5 fungi
  A plant (Lair:5)
2135 creatures vanquished.

Vanquished Creatures (collateral kills)
  the Lernaean hydra (Swamp:4)
  An Orb Guardian (Zot:5)
  A sphinx (D:14)
  A tengu reaver (D:14)
  A thorn hunter (Swamp:2)
  A draconian monk (Zot:3)
  A fire giant (Depths:2)
  5 nagarajas
  2 vault wardens
  3 deep elf sorcerers
  4 ironheart preservers
  A deep elf elementalist (Elf:3)
  A deep elf annihilator (Elf:3)
  An ogre mage (D:15)
  A fire dragon (Lair:6)
  A yaktaur captain (Depths:4)
  A deep elf death mage (Elf:3)
  An ice dragon (Vaults:4)
  A naga warrior (Snake:4)
  4 hydras
  3 centaur warriors
  A shambling mangrove (Swamp:3)
  Erica (D:10)
  2 anacondas
  6 two-headed ogres
  A tengu warrior (D:14)
  2 alligators (Swamp:2)
  3 orc high priests
  5 naga sharpshooters
  2 deep troll earth magi
  A hell knight (Vaults:3)
  A deep troll (Depths:4)
  A salamander mystic (Snake:1)
  A wizard (D:15)
  An unseen horror (D:12)
  2 deep elf archers (Elf:1)
  3 naga ritualists
  4 lindwurms
  An ironbrand convoker (D:14)
  4 swamp dragons
  An orc sorcerer (D:10)
  4 mana vipers
  3 ugly things
  3 orc knights
  5 deep elf magi
  2 manticores (D:11)
  5 salamanders
  3 elephants (Lair:4)
  4 black mambas
  A guardian serpent (Snake:4)
  4 spiny frogs
  4 naga magi
  2 torpor snails (Lair:5)
  2 komodo dragons (Lair:6)
  2 yaktaurs
  A freezing wraith (D:15)
  An efreet (D:14)
  7 tyrant leeches
  2 polar bears (D:14)
  2 hornets
  4 slime creatures
  4 blink frogs
  A hippogriff (D:10)
  2 bog bodies (Swamp:2)
  4 spriggans
  A shadow (D:14)
  A wyvern (shapeshifter) (D:14)
  15 yaks
  2 wyverns (Lair:6)
  A basilisk (Lair:1)
  A hungry ghost (D:11)
  A steam dragon (Lair:6)
  7 wargs (D:10)
  4 vampire mosquitoes
  7 nagas
  3 swamp worms
  An acid dragon (D:15)
  A porcupine (Lair:1)
  2 water moccasins
  2 hell hounds (Lair:6)
  An eye of draining (D:14)
  4 swamp drakes
  16 orc warriors
  3 ogres
  3 ice beasts
  A necrophage (D:15)
  12 wolves
  6 centaurs
  A crocodile (Lair:2)
  3 bullfrogs (Lair:2)
  A scorpion (D:14)
  4 killer bees (D:11)
  2 crimson imps
  A lava snake (Lair:6)
  3 orc priests
  A wyvern simulacrum (D:14)
  A hell rat (Lair:6)
  An iguana (D:11)
  A worker ant (D:13)
  3 gnolls (D:10)
  A white imp (D:11)
  10 orcs
  3 kobolds (D:12)
  A fungus (Lair:5)
283 creatures vanquished.

Vanquished Creatures (others)
  An orb of fire (Zot:5)
  3 ancient liches (Zot:5)
  3 Killer Klowns (Zot:5)
  A curse toe (Zot:4)
  2 electric golems (Zot:5)
  13 Orb Guardians (Zot:5)
  A quicksilver dragon (Zot:5)
  2 storm dragons (Zot:5)
  A draconian monk (Zot:5)
  A draconian shifter (Zot:5)
  2 draconian annihilators
  3 purple draconians (Zot:5)
  2 green draconians (Zot:5)
  2 black draconians (Zot:5)
  A white draconian (Zot:5)
  3 red draconians (Zot:5)
  A vault guard (Vaults:5)
  A great orb of eyes (Slime:3)
  19 dancing weapons
  A shadow wraith (Vaults:5)
  A harpy (Vaults:5)
  A moth of wrath (Zot:5)
  A spiny frog (Lair:3)
  A tormentor (D:15)
  A centaur (D:14)
  A bush (Lair:5)
  17 fungi
  10 plants
96 creatures vanquished.

Grand Total: 2514 creatures vanquished

Notes
Turn   | Place    | Note
-------+----------+-------------------------------------------
     0 | D:1      | dxctxrx the Gnoll Arcane Marksman began the quest for the
                  | Orb.
     0 | D:1      | Reached XP level 1. HP: 17/17 MP: 4/4
   272 | D:1      | Reached XP level 2. HP: 23/23 MP: 5/5
   276 | D:1      | Learned a level 2 spell: Slow
   890 | D:2      | Reached XP level 3. HP: 28/28 MP: 7/7
  1053 | D:2      | Reached skill level 1 in Invocations
  1105 | D:2      | Reached skill level 1 in Short Blades
  1105 | D:2      | Reached skill level 1 in Long Blades
  1105 | D:2      | Reached skill level 1 in Axes
  1105 | D:2      | Reached skill level 1 in Maces & Flails
  1105 | D:2      | Reached skill level 1 in Polearms
  1105 | D:2      | Reached skill level 1 in Staves
  1105 | D:2      | Reached skill level 1 in Bows
  1105 | D:2      | Reached skill level 1 in Crossbows
  1105 | D:2      | Reached skill level 1 in Throwing
  1105 | D:2      | Reached skill level 1 in Armour
  1105 | D:2      | Reached skill level 1 in Stealth
  1105 | D:2      | Reached skill level 1 in Shields
  1105 | D:2      | Reached skill level 1 in Unarmed Combat
  1105 | D:2      | Reached skill level 1 in Evocations
  1146 | D:2      | Reached XP level 4. HP: 34/34 MP: 8/8
  1710 | D:3      | Reached skill level 1 in Conjurations
  1710 | D:3      | Reached skill level 1 in Charms
  1710 | D:3      | Reached skill level 1 in Summonings
  1710 | D:3      | Reached skill level 1 in Necromancy
  1710 | D:3      | Reached skill level 1 in Translocations
  1710 | D:3      | Reached skill level 1 in Transmutations
  1710 | D:3      | Reached skill level 1 in Fire Magic
  1710 | D:3      | Reached skill level 1 in Ice Magic
  1710 | D:3      | Reached skill level 1 in Air Magic
  1710 | D:3      | Reached skill level 1 in Earth Magic
  1710 | D:3      | Reached skill level 1 in Poison Magic
  1716 | D:3      | Reached XP level 5. HP: 31/40 MP: 7/9
  2483 | D:3      | Reached XP level 6. HP: 47/47 MP: 10/10
  2840 | D:3      | Noticed Ijyb
  2856 | D:3      | Reached skill level 2 in Invocations
  2861 | D:3      | Paralysed by Ijyb for 5 turns
  2870 | D:3      | Killed Ijyb
  3101 | D:4      | Reached skill level 5 in Slings
  3101 | D:4      | Reached skill level 5 in Dodging
  3392 | D:4      | Learned a level 2 spell: Blink
  3602 | D:4      | Reached XP level 7. HP: 45/52 MP: 12/12
  3982 | D:4      | Learned a level 1 spell: Confusing Touch
  4315 | D:4      | Noticed Eustachio
  4315 | D:4      | Noticed Blork the orc
  4446 | D:4      | Killed Blork the orc
  4524 | D:4      | Killed Eustachio
  4524 | D:4      | Reached skill level 3 in Invocations
  4748 | D:5      | Entered Level 5 of the Dungeon
  4771 | D:5      | Reached XP level 8. HP: 38/60 MP: 11/14
  4915 | D:5      | Found a snail-covered altar of Cheibriados.
  6335 | D:6      | Found a staircase to the Ecumenical Temple.
  6363 | Temple   | Entered the Ecumenical Temple
  6626 | Temple   | Became a worshipper of Gozag Ym Sagoz the Greedy
  6918 | D:6      | Noticed a hippogriff
  7800 | D:7      | Reached skill level 4 in Invocations
  8014 | D:7      | Noticed a hippogriff
  8120 | D:7      | Learned a level 3 spell: Conjure Flame
  8171 | D:7      | Reached XP level 9. HP: 65/66 MP: 16/16
  8543 | D:7      | Noticed a manticore
  8642 | D:7      | Reached skill level 5 in Spellcasting
  8976 | D:8      | Learned a level 4 spell: Cause Fear
  8996 | D:8      | Noticed a hornet
  9101 | D:8      | Reached skill level 5 in Fighting
  9935 | D:8      | Killed a hornet
  9935 | D:8      | Reached skill level 5 in Invocations
 10466 | D:8      | Found Tubbe Ter's Magic Scroll Emporium.
 10516 | D:8      | Reached XP level 10. HP: 61/74 MP: 16/18
 10541 | D:8      | Bought a scroll of fog for 32 gold pieces
 10541 | D:8      | Bought a scroll of teleportation for 48 gold pieces
 11474 | D:9      | Noticed a centaur warrior
 11868 | D:9      | Noticed Maurice
 11919 | D:9      | Reached skill level 5 in Short Blades
 11919 | D:9      | Reached skill level 5 in Long Blades
 11919 | D:9      | Reached skill level 5 in Axes
 11919 | D:9      | Reached skill level 5 in Maces & Flails
 11919 | D:9      | Reached skill level 5 in Polearms
 11919 | D:9      | Reached skill level 5 in Staves
 11919 | D:9      | Reached skill level 5 in Bows
 11919 | D:9      | Reached skill level 5 in Crossbows
 11919 | D:9      | Reached skill level 5 in Throwing
 11919 | D:9      | Reached skill level 5 in Armour
 11919 | D:9      | Reached skill level 5 in Stealth
 11919 | D:9      | Reached skill level 5 in Shields
 11919 | D:9      | Reached skill level 5 in Unarmed Combat
 11919 | D:9      | Reached skill level 5 in Evocations
 11927 | D:9      | Killed Maurice
 12755 | D:9      | Killed a centaur warrior
 13035 | D:9      | HP: 5/76 [acid (10)]
 13586 | D:9      | Found a hazy altar of Hepliaklqana.
 13673 | D:9      | Noticed Joseph
 13680 | D:9      | Killed Joseph
 13680 | D:9      | Reached skill level 6 in Invocations
 14104 | D:9      | Reached XP level 11. HP: 36/82 MP: 20/20
 14673 | D:10     | Entered Level 10 of the Dungeon
 14838 | D:10     | Found Qom Xuapt's Weapon Shoppe.
 14910 | D:10     | Found Loihoud's Armour Emporium.
 14921 | D:10     | Noticed Erica
 14936 | D:10     | Killed Erica
 15059 | D:10     | Reached skill level 5 in Conjurations
 15059 | D:10     | Reached skill level 5 in Charms
 15059 | D:10     | Reached skill level 5 in Summonings
 15059 | D:10     | Reached skill level 5 in Necromancy
 15059 | D:10     | Reached skill level 5 in Translocations
 15059 | D:10     | Reached skill level 5 in Transmutations
 15059 | D:10     | Reached skill level 5 in Fire Magic
 15059 | D:10     | Reached skill level 5 in Ice Magic
 15059 | D:10     | Reached skill level 5 in Air Magic
 15059 | D:10     | Reached skill level 5 in Earth Magic
 15059 | D:10     | Reached skill level 5 in Poison Magic
 15572 | D:10     | Found Qahei's Book Shop.
 15579 | D:10     | Bought a book of the Sky for 780 gold pieces
 15584 | D:10     | Learned a level 4 spell: Summon Lightning Spire
 16940 | D:10     | Found Sacraeth's Armour Shop.
 17399 | D:10     | Found a sacrificial altar of Ru.
 17779 | D:10     | Noticed an orc knight
 17795 | D:10     | Killed an orc knight
 17848 | D:10     | Reached skill level 7 in Invocations
 17961 | D:10     | Noticed an orc sorcerer
 17964 | D:10     | Noticed a sixfirhy
 17976 | D:10     | HP: 1/83 [sixfirhy[an orc sorcerer] (10)]
 17978 | D:10     | Killed an orc sorcerer
 18380 | D:10     | Bought the cursed +0 hat "Nubyttou" {Regen+ Str+2 Stlth-}
                  | for 140 gold pieces
 18399 | D:10     | Bought a scroll of identify for 52 gold pieces
 18537 | D:10     | Noticed an orc knight
 18545 | D:10     | Killed an orc knight
 18977 | D:10     | Found a staircase to the Lair.
 19230 | Lair:1   | Entered Level 1 of the Lair of Beasts
 19393 | D:10     | Learned a level 4 spell: Sticky Flame
 19689 | Lair:1   | Reached XP level 12. HP: 80/91 MP: 17/23
 20033 | Lair:1   | Got a shimmering chain mail
 20779 | Lair:2   | Found a staircase to the Snake Pit.
 20872 | Lair:2   | Noticed a seven-headed hydra
 20882 | Lair:2   | Killed a seven-headed hydra
 21291 | Lair:2   | Identified the +11 chain mail "Sauro" {+Inv rF++ Int-4
                  | Stlth-} (You found it on level 1 of the Lair of Beasts)
 21395 | Lair:2   | Reached skill level 8 in Invocations
 21403 | Lair:2   | Got a fine spear
 21404 | Lair:2   | Identified the cursed +3 spear "Killer Klown's Bane"
                  | {pierce, +Rage rN+} (You found it on level 2 of the Lair of
                  | Beasts)
 21613 | Lair:3   | Noticed a six-headed hydra
 21708 | Lair:3   | Killed a six-headed hydra
 21963 | Lair:3   | Noticed a four-headed hydra
 21976 | Lair:3   | Killed a four-headed hydra
 22129 | Lair:3   | Learned a level 4 spell: Olgreb's Toxic Radiance
 22995 | Lair:4   | Found a staircase to the Swamp.
 23210 | Lair:4   | Reached XP level 13. HP: 92/98 MP: 20/25
 24602 | Lair:4   | Bought a ration for 50 gold pieces
 24602 | Lair:4   | Bought a ration for 50 gold pieces
 24602 | Lair:4   | Bought a ration for 50 gold pieces
 24602 | Lair:4   | Bought a ration for 50 gold pieces
 24602 | Lair:4   | Bought a ration for 50 gold pieces
 24602 | Lair:4   | Bought a ration for 50 gold pieces
 24602 | Lair:4   | Bought a ration for 50 gold pieces
 24602 | Lair:4   | Bought a ration for 50 gold pieces
 24602 | Lair:4   | Bought a ration for 50 gold pieces
 25020 | Lair:4   | Noticed Sonja
 25024 | Lair:4   | Killed Sonja
 25148 | D:10     | Bought a runed long sword for 169 gold pieces
 25156 | D:10     | Bought a runed morningstar for 182 gold pieces
 25260 | Lair:5   | Reached skill level 9 in Invocations
 26746 | Lair:5   | Found a runed translucent gate.
 26747 | Lair:5   | Found a runed translucent gate.
 26747 | Lair:5   | Noticed Ypehuijo's ghost (journeyman OpFi)
 26748 | Lair:5   | Found a runed translucent gate.
 27627 | Lair:5   | Noticed Kirke
 27639 | Lair:5   | Killed Kirke
 27996 | Lair:5   | Upgraded the game from 0.24.0-10-g970556be89 to
                  | 0.24.0-13-gcf9b3192b9
 27998 | Lair:6   | Entered Level 6 of the Lair of Beasts
 28081 | Lair:6   | Reached XP level 14. HP: 107/108 MP: 18/27
 28451 | Lair:6   | Found a runed translucent door.
 28451 | Lair:6   | Found a viscous altar of Jiyva.
 28451 | Lair:6   | Found a staircase to the Slime Pits.
 28451 | Lair:6   | Noticed an azure jelly
 28451 | Lair:6   | Noticed an azure jelly
 28451 | Lair:6   | Noticed an azure jelly
 28451 | Lair:6   | Noticed an azure jelly
 28890 | Lair:6   | Reached skill level 10 in Slings
 28890 | Lair:6   | Reached skill level 10 in Dodging
 29851 | Lair:6   | Found a large runed translucent door.
 29878 | Lair:6   | Found a large runed translucent door.
 30637 | D:10     | Bought a scroll labeled JUASKE XULOMO for 26 gold pieces
 30637 | D:10     | Bought a fuming silvery potion for 23 gold pieces
 30637 | D:10     | Bought a scroll labeled JUZEIR ROUT for 26 gold pieces
 30637 | D:10     | Bought a white potion for 23 gold pieces
 30757 | D:10     | Bought a ration for 55 gold pieces
 30757 | D:10     | Bought a ration for 55 gold pieces
 30757 | D:10     | Bought a ration for 55 gold pieces
 30757 | D:10     | Bought a ration for 55 gold pieces
 30757 | D:10     | Bought a ration for 55 gold pieces
 30757 | D:10     | Bought a ration for 55 gold pieces
 30757 | D:10     | Bought a ration for 55 gold pieces
 30757 | D:10     | Bought a ration for 55 gold pieces
 30757 | D:10     | Bought a ration for 55 gold pieces
 30757 | D:10     | Bought a ration for 55 gold pieces
 30771 | D:10     | Bought a book of Transfigurations for 660 gold pieces
 30778 | D:10     | Learned a level 5 spell: Irradiate
 31201 | D:11     | Found a staircase to the Orcish Mines.
 31838 | D:11     | Reached skill level 10 in Invocations
 32746 | D:12     | Identified the +0 leather armour of the Ladybird {rF+}
 34737 | D:13     | Reached XP level 15. HP: 110/115 MP: 21/28
 34934 | D:13     | Reached skill level 10 in Spellcasting
 35080 | D:13     | Noticed Rupert
 35121 | D:13     | Found a white marble altar of Elyvilon.
 35273 | D:13     | Killed Rupert
 35273 | D:13     | Reached skill level 10 in Fighting
 35551 | D:14     | You fall into a shaft and drop 1 floor!
 35551 | D:15     | Entered Level 15 of the Dungeon
 35551 | D:15     | Found an iron altar of Okawaru.
 36577 | D:15     | Reached skill level 10 in Hexes
 37017 | D:15     | Reached skill level 10 in Short Blades
 37017 | D:15     | Reached skill level 10 in Long Blades
 37017 | D:15     | Reached skill level 10 in Axes
 37017 | D:15     | Reached skill level 10 in Maces & Flails
 37017 | D:15     | Reached skill level 10 in Polearms
 37017 | D:15     | Reached skill level 10 in Staves
 37017 | D:15     | Reached skill level 10 in Bows
 37017 | D:15     | Reached skill level 10 in Crossbows
 37017 | D:15     | Reached skill level 10 in Throwing
 37017 | D:15     | Reached skill level 10 in Armour
 37017 | D:15     | Reached skill level 10 in Stealth
 37017 | D:15     | Reached skill level 10 in Shields
 37017 | D:15     | Reached skill level 10 in Unarmed Combat
 37017 | D:15     | Reached skill level 10 in Evocations
 37276 | D:15     | Found a staircase to the Depths.
 37413 | D:15     | Reached skill level 11 in Invocations
 37613 | D:15     | Found an ancient bone altar of Kikubaaqudgha.
 39347 | D:14     | Reached XP level 16. HP: 113/124 MP: 20/30
 39648 | D:14     | Noticed a sphinx
 39660 | D:14     | Killed a sphinx
 39952 | D:14     | Found a blossoming altar of Fedhas.
 40124 | D:14     | Found a blossoming altar of Fedhas.
 40232 | D:14     | Found a blossoming altar of Fedhas.
 40291 | D:14     | Noticed a tengu reaver
 40334 | D:14     | Noticed a sphinx
 40554 | D:14     | Killed a sphinx
 40604 | D:14     | Killed a tengu reaver
 40980 | D:14     | Found a gate to the Vaults.
 41067 | D:14     | Found the +8 glaive of the Guard {elec, +Rage AC+5 SInv}
 42200 | Orc:1    | Entered Level 1 of the Orcish Mines
 42291 | Orc:1    | Found an iron altar of Okawaru.
 42585 | Orc:2    | Entered Level 2 of the Orcish Mines
 42596 | Orc:2    | Found a roughly hewn altar of Beogh.
 43089 | Orc:2    | Found Noapsod's Assorted Antiques.
 43116 | Orc:2    | Bought a potion of curing for 87 gold pieces
 43116 | Orc:2    | Bought a scroll of fear for 101 gold pieces
 44079 | Orc:2    | Found a roughly hewn altar of Beogh.
 44295 | Orc:2    | Found a roughly hewn altar of Beogh.
 44413 | Orc:2    | Found a roughly hewn altar of Beogh.
 44479 | Orc:2    | Found a roughly hewn altar of Beogh.
 44484 | Orc:2    | Found a staircase to the Elven Halls.
 44621 | Orc:2    | Paralysed by an orc sorcerer for 4 turns
 44716 | Orc:2    | Found Zaicewo's Antique Weapon Boutique.
 44718 | Orc:2    | Found a roughly hewn altar of Beogh.
 44725 | Orc:2    | Found Roigen's Antique Armour Shop.
 44916 | Orc:2    | Found a roughly hewn altar of Beogh.
 45021 | Orc:2    | Found Apinane's General Store.
 45037 | Orc:2    | Bought a scroll of fear for 52 gold pieces
 45037 | Orc:2    | Bought a scroll of fear for 52 gold pieces
 45037 | Orc:2    | Bought 4 curare-tipped darts for 36 gold pieces
 45037 | Orc:2    | Bought a ration for 75 gold pieces
 45037 | Orc:2    | Bought a ration for 75 gold pieces
 45037 | Orc:2    | Bought a ration for 75 gold pieces
 45085 | Orc:2    | Found a roughly hewn altar of Beogh.
 45150 | Orc:2    | Found Edeshreg's Assorted Antiques.
 45454 | Orc:2    | Learned a level 6 spell: Statue Form
 45504 | Orc:2    | Bought a scroll of amnesia for 91 gold pieces
 45670 | D:8      | Bought a scroll of amnesia for 56 gold pieces
 45765 | D:10     | Bought a wand of iceblast (8) for 104 gold pieces
 45778 | D:10     | Bought 15 sling bullets for 120 gold pieces
 45906 | Swamp:1  | Entered Level 1 of the Swamp
 47033 | Swamp:2  | Found a shadowy altar of Dithmenos.
 47033 | Swamp:2  | Noticed Jorgrun
 47776 | Swamp:2  | Killed Jorgrun
 48004 | Swamp:2  | Reached XP level 17. HP: 131/131 MP: 27/32
 48448 | Swamp:2  | Reached skill level 12 in Invocations
 49078 | Swamp:2  | Found a runed translucent gate.
 49078 | Swamp:2  | Found a runed translucent gate.
 49078 | Swamp:2  | Found a runed translucent gate.
 49078 | Swamp:2  | Noticed Ypsiuj's ghost (adept GnSk)
 49124 | Swamp:2  | Killed Ypsiuj's ghost
 49154 | Swamp:2  | Identified the +6 hand crossbow of Lies {elec, Dex+5} (You
                  | found it on level 2 of the Swamp)
 49161 | Swamp:2  | Reached XP level 18. HP: 138/138 MP: 25/33
 50611 | Swamp:3  | Learned a level 1 spell: Apportation
 50879 | Swamp:4  | Entered Level 4 of the Swamp
 51378 | Swamp:4  | Noticed the 27-headed Lernaean hydra
 51388 | Swamp:4  | Killed the 25-headed Lernaean hydra
 51823 | Swamp:4  | Reached skill level 10 in Conjurations
 51823 | Swamp:4  | Reached skill level 10 in Charms
 51823 | Swamp:4  | Reached skill level 10 in Summonings
 51823 | Swamp:4  | Reached skill level 10 in Necromancy
 51823 | Swamp:4  | Reached skill level 10 in Translocations
 51823 | Swamp:4  | Reached skill level 10 in Transmutations
 51823 | Swamp:4  | Reached skill level 10 in Fire Magic
 51823 | Swamp:4  | Reached skill level 10 in Ice Magic
 51823 | Swamp:4  | Reached skill level 10 in Air Magic
 51823 | Swamp:4  | Reached skill level 10 in Earth Magic
 51823 | Swamp:4  | Reached skill level 10 in Poison Magic
 52100 | Swamp:4  | Got a decaying rune of Zot
 52521 | Lair:4   | Learned a level 6 spell: Deflect Missiles
 52604 | Snake:1  | Entered Level 1 of the Snake Pit
 52659 | Snake:1  | Bought a ration for 65 gold pieces
 52659 | Snake:1  | Bought a ration for 65 gold pieces
 52659 | Snake:1  | Bought a ration for 65 gold pieces
 52659 | Snake:1  | Bought a ration for 65 gold pieces
 52659 | Snake:1  | Bought a ration for 65 gold pieces
 52659 | Snake:1  | Bought a ration for 65 gold pieces
 52659 | Snake:1  | Bought a ration for 65 gold pieces
 52659 | Snake:1  | Bought a ration for 65 gold pieces
 53974 | Snake:2  | Reached XP level 19. HP: 146/146 MP: 35/35
 54171 | Snake:2  | Noticed Nikola
 54485 | Snake:2  | You fall into a shaft and drop 1 floor!
 55224 | Snake:3  | Reached skill level 13 in Invocations
 55645 | Snake:3  | Found Taifeoph's Jewellery Emporium.
 55645 | Snake:3  | Found Asaywef's Gadget Shop.
 55646 | Snake:3  | Found Piagu's Jewellery Emporium.
 55886 | Snake:3  | Learned a level 5 spell: Borgnjor's Vile Clutch
 56240 | Snake:4  | Entered Level 4 of the Snake Pit
 56368 | Snake:4  | Noticed Vashnia
 58169 | Snake:4  | Killed Vashnia
 59717 | Snake:4  | Reached XP level 20. HP: 155/155 MP: 36/36
 60069 | Snake:4  | Got a serpentine rune of Zot
 60327 | Snake:3  | Bought a wand of clouds (4) for 336 gold pieces
 60584 | Vaults:1 | Entered Level 1 of the Vaults
 61168 | D:14     | Bought a ration for 65 gold pieces
 61168 | D:14     | Bought a ration for 65 gold pieces
 61168 | D:14     | Bought a ration for 65 gold pieces
 61168 | D:14     | Bought a ration for 65 gold pieces
 61168 | D:14     | Bought a ration for 65 gold pieces
 61168 | D:14     | Bought a ration for 65 gold pieces
 61168 | D:14     | Bought a ration for 65 gold pieces
 61168 | D:14     | Bought a ration for 65 gold pieces
 61168 | D:14     | Bought a ration for 65 gold pieces
 61170 | D:14     | Bought a potion of heal wounds for 80 gold pieces
 61170 | D:14     | Bought a potion of heal wounds for 80 gold pieces
 61170 | D:14     | Bought 2 potions of heal wounds for 160 gold pieces
 61170 | D:14     | Bought a potion of invisibility for 128 gold pieces
 61170 | D:14     | Bought a potion of brilliance for 64 gold pieces
 61813 | Elf:1    | Entered Level 1 of the Elven Halls
 61890 | Orc:2    | Learned a level 3 spell: Portal Projectile
 62938 | Elf:1    | Reached skill level 14 in Invocations
 63130 | Elf:1    | Found Aceopraic's One-of-a-Kind Books.
 63336 | Elf:1    | You fall into a shaft and drop 1 floor!
 63611 | Elf:2    | Found a runed translucent gate.
 63611 | Elf:2    | Found a runed translucent gate.
 63611 | Elf:2    | Found a runed translucent gate.
 64459 | Elf:3    | Entered Level 3 of the Elven Halls
 65011 | Elf:3    | Reached XP level 21. HP: 138/163 MP: 30/38
 66104 | Elf:3    | Identified the ring of Zeraag {+Fly rF+ Int+4}
 66546 | Elf:3    | Identified the +7 glaive of Pyromania {freeze, +Fly rC+++
                  | Int-2 Dex-2} (You found it on level 3 of the Elven Halls)
 68838 | Vaults:1 | Got a pitted ring mail
 68839 | Vaults:1 | Identified the +4 ring mail of Follow the Leader {Str+5}
                  | (You found it on level 1 of the Vaults)
 70216 | Vaults:2 | Noticed Jory
 70227 | Vaults:2 | Killed Jory
 70281 | Vaults:2 | Identified the +0 scale mail "Qestrasso" {rC+ Int+3 Stlth+}
                  | (You found it on level 2 of the Vaults)
 70761 | Vaults:2 | Reached XP level 22. HP: 172/172 MP: 30/40
 71313 | Vaults:2 | Reached skill level 15 in Invocations
 71579 | Vaults:2 | Found a staircase to the Crypt.
 72032 | Vaults:3 | Found Koecsadua's Weapon Emporium.
 72216 | Vaults:3 | Identified the +3 ring mail "Caohesaz" {Str+3 Int+3 Dex+3}
                  | (You found it on level 3 of the Vaults)
 73375 | Vaults:4 | Noticed Sojobo
 73766 | Vaults:4 | Found a roughly hewn altar of Beogh.
 74539 | Vaults:4 | Found a roughly hewn altar of Beogh.
 74700 | Vaults:4 | Killed Sojobo
 75302 | D:14     | Learned a level 4 spell: Passage of Golubria
 75368 | Depths:1 | Entered Level 1 of the Depths
 75609 | Depths:1 | Reached skill level 15 in Slings
 75609 | Depths:1 | Reached skill level 15 in Dodging
 75666 | Depths:1 | Reached XP level 23. HP: 179/179 MP: 39/41
 75760 | Depths:1 | Noticed a juggernaut
 75819 | Depths:1 | Found a transporter.
 75874 | Depths:1 | Identified the +5 quick blade of the Extremely Mad
                  | {antimagic, rF+ rN+ Dex+2}
 75874 | Depths:1 | Identified the cursed +2 rapier of Iranwik {antimagic,
                  | Int+3}
 75875 | Depths:1 | Noticed a juggernaut
 75877 | Depths:1 | Noticed no0bjke's ghost (adept GrFi)
 76089 | Depths:1 | Found a transporter.
 76090 | Depths:1 | Found a bloodstained altar of Trog.
 76113 | Depths:1 | Noticed Asterion
 76118 | Depths:1 | Killed Asterion
 76211 | Depths:1 | Found a gateway to a ziggurat.
 76645 | Depths:1 | Found a gateway to Hell.
 76653 | Depths:1 | Identified the ring "Yntaiph" {+Fly AC+2} (You found it on
                  | level 1 of the Depths)
 76657 | Depths:1 | Identified the +6 morningstar of Annihilation {vamp, rC+}
                  | (You found it on level 1 of the Depths)
 76883 | Depths:2 | Found Fosur's Antique Armour Shop.
 76971 | Depths:2 | Bought a pair of glowing boots for 262 gold pieces
 77216 | Depths:2 | Noticed Aizul
 77305 | Depths:2 | Identified the cursed +0 ring mail of Plasticity {rElec
                  | Int+4 Stlth+} (You found it on level 2 of the Depths)
 77542 | Depths:2 | Reached skill level 15 in Spellcasting
 77549 | Depths:2 | Killed Aizul
 77756 | Depths:2 | Reached skill level 15 in Fighting
 78028 | Depths:2 | Found a one-way gate to the infinite horrors of the Abyss.
 78141 | Depths:2 | Reached skill level 16 in Invocations
 78250 | Depths:2 | Found a one-way gate leading to the halls of Pandemonium.
 79377 | Depths:3 | Reached skill level 15 in Short Blades
 79377 | Depths:3 | Reached skill level 15 in Long Blades
 79377 | Depths:3 | Reached skill level 15 in Axes
 79377 | Depths:3 | Reached skill level 15 in Maces & Flails
 79377 | Depths:3 | Reached skill level 15 in Polearms
 79377 | Depths:3 | Reached skill level 15 in Staves
 79377 | Depths:3 | Reached skill level 15 in Bows
 79377 | Depths:3 | Reached skill level 15 in Crossbows
 79377 | Depths:3 | Reached skill level 15 in Throwing
 79377 | Depths:3 | Reached skill level 15 in Armour
 79377 | Depths:3 | Reached skill level 15 in Stealth
 79377 | Depths:3 | Reached skill level 15 in Shields
 79377 | Depths:3 | Reached skill level 15 in Unarmed Combat
 79377 | Depths:3 | Reached skill level 15 in Evocations
 79517 | Depths:3 | Reached XP level 24. HP: 189/189 MP: 33/42
 81372 | Depths:4 | Found a portal to a secret trove of treasure.
 82161 | Depths:5 | Entered Level 5 of the Depths
 82503 | Depths:5 | Reached XP level 25. HP: 196/196 MP: 39/42
 83519 | Depths:5 | Found a gate to the Realm of Zot.
 83850 | Orc:2    | Bought a runed scarf for 232 gold pieces
 84035 | Orc:2    | Bought a potion of mutation for 208 gold pieces
 84035 | Orc:2    | Bought a scroll of identify for 52 gold pieces
 84058 | Orc:2    | Bought a scroll of identify for 58 gold pieces
 84107 | Orc:2    | Bought a scroll of identify for 30 gold pieces
 84107 | Orc:2    | Bought a scroll of enchant armour for 112 gold pieces
 84107 | Orc:2    | Bought a wand of digging (5) for 270 gold pieces
 84107 | Orc:2    | Bought a potion of might for 60 gold pieces
 84259 | D:8      | Bought a scroll of silence for 120 gold pieces
 84259 | D:8      | Bought a scroll of silence for 120 gold pieces
 84441 | D:14     | Bought a potion of haste for 160 gold pieces
 84441 | D:14     | Bought a potion of mutation for 128 gold pieces
 84441 | D:14     | Bought a potion of mutation for 128 gold pieces
 84441 | D:14     | Bought 3 potions of curing for 144 gold pieces
 84666 | D:5      | Noticed Pikel
 84676 | D:5      | Killed Pikel
 84989 | Lair:5   | Killed Ypehuijo's ghost
 85514 | Vaults:5 | Entered Level 5 of the Vaults
 85531 | Vaults:5 | Reached skill level 17 in Invocations
 85735 | Vaults:5 | Got a silver rune of Zot
 85930 | Vaults:5 | Identified the +0 cloak "Ydim" {+Blink} (You found it on
                  | level 5 of the Vaults)
 85953 | Vaults:5 | Identified the +5 mace "Enetwino" {crush, +Blink Int+4}
 86245 | Vaults:5 | Reached XP level 26. HP: 206/206 MP: 43/43
 87543 | Vaults:5 | Identified the Guide on Earth
 88172 | Depths:2 | Identified a +0 pair of boots of running (You found it on
                  | level 2 of the Depths)
 88238 | Depths:2 | Bought a warped large shield for 332 gold pieces
 88253 | Depths:2 | Identified the +9 large shield of the Stars {rPois rN+ MP+9
                  | Stlth-} (You bought it in a shop on level 2 of the Depths)
 88921 | Slime:1  | Entered Level 1 of the Pits of Slime
 89849 | Slime:4  | Reached skill level 15 in Hexes
 89951 | Slime:5  | Entered Level 5 of the Pits of Slime
 90163 | Slime:5  | Gained mutation: You are clumsy. (Dex -2) [a shining eye]
 90165 | Slime:5  | Gained mutation: [Scrolls take you a little longer to
                  | read.] [a shining eye]
 90172 | Slime:5  | Lost mutation: You are clumsy. (Dex -2) [potion of
                  | mutation]
 90172 | Slime:5  | Lost mutation: [Scrolls take you a little longer to read.]
                  | [potion of mutation]
 90172 | Slime:5  | Gained mutation: You are weak. (Str -2) [potion of
                  | mutation]
 90172 | Slime:5  | Gained mutation: Your body sometimes deteriorates upon
                  | taking damage. [potion of mutation]
 90172 | Slime:5  | Gained mutation: Your system is resistant to poisons.
                  | (rPois) [potion of mutation]
 90285 | Slime:5  | Noticed the Royal Jelly
 90326 | Slime:5  | Killed the Royal Jelly
 90707 | Slime:5  | Found the +3 hat of Pondering {ponderous, MR+ MP+10 Int+5}
 90710 | Slime:5  | Got a slimy ruby amulet
 90711 | Slime:5  | Identified the amulet "Lamn" {Inacc rC++} (You found it on
                  | level 5 of the Pits of Slime)
 90778 | Slime:5  | Identified the ring of Juicraysk {rF+ MR+ Str+3 Int+4} (You
                  | found it on level 5 of the Pits of Slime)
 90800 | Slime:5  | Identified the Disquisition on Captivating Feathers
 90808 | Slime:5  | Identified the ring of Geesu {rC+ Str+3} (You found it on
                  | level 5 of the Pits of Slime)
 90838 | Slime:5  | Identified Sif Muna's Tome of Mutagenic Contamination
 90856 | Slime:5  | Got a slimy rune of Zot
 90876 | Slime:5  | Identified the +8 flail "Orb Guardian's Doom" {crush, rF+
                  | MP+9 Stlth+} (You found it on level 5 of the Pits of Slime)
 90890 | Slime:5  | Identified the cursed +1 shortbow "Jeajuvyump" {venom,
                  | Str-3 Int+5} (You found it on level 5 of the Pits of Slime)
 90965 | Slime:5  | Learned a level 6 spell: Invisibility
 90968 | Slime:5  | Learned a level 2 spell: Passwall
 90970 | Slime:5  | Learned a level 1 spell: Summon Butterflies
 90977 | Slime:5  | Learned a level 5 spell: Silence
 91420 | Zot:1    | Entered Level 1 of the Realm of Zot
 91833 | Zot:1    | Reached skill level 18 in Invocations
 91892 | Zot:2    | Reached XP level 27. HP: 212/212 MP: 39/43
 91989 | Zot:3    | Noticed an orb of fire
 91995 | Zot:3    | Gained mutation: You are clumsy. (Dex -2) [an orb of fire]
 91997 | Zot:3    | Killed an orb of fire
 92138 | Zot:4    | Noticed a curse toe
 92154 | Zot:4    | Killed a curse toe
 92320 | Zot:5    | Entered Level 5 of the Realm of Zot
 92411 | Zot:5    | Noticed an orb of fire
 92417 | Zot:5    | Gained mutation: Your spells are a little easier to cast,
                  | but a little less powerful. [an orb of fire]
 92418 | Zot:5    | Gained mutation: You have sharp toenails. [an orb of fire]
 92420 | Zot:5    | Gained mutation: [You tend to lose your temper in combat.]
                  | [an orb of fire]
 92427 | Zot:5    | Gained mutation: Armour fits poorly on your strangely
                  | shaped body. [an orb of fire]
 92429 | Zot:5    | Gained mutation: Potions are less effective at restoring
                  | your health. [an orb of fire]
 92433 | Zot:5    | Killed an orb of fire
 92478 | Zot:5    | Lost mutation: Your system is resistant to poisons. (rPois)
                  | [potion of mutation]
 92478 | Zot:5    | Lost mutation: Your spells are a little easier to cast, but
                  | a little less powerful. [potion of mutation]
 92478 | Zot:5    | Lost mutation: Armour fits poorly on your strangely shaped
                  | body. [potion of mutation]
 92478 | Zot:5    | Lost mutation: You have sharp toenails. [potion of
                  | mutation]
 92478 | Zot:5    | Lost mutation: [You tend to lose your temper in combat.]
                  | [potion of mutation]
 92478 | Zot:5    | Gained mutation: You are very clumsy. (Dex -4) [potion of
                  | mutation]
 92478 | Zot:5    | Lost mutation: You are weak. (Str -2) [potion of mutation]
 92986 | Zot:5    | Noticed an ancient lich
 92989 | Zot:5    | Noticed an ancient lich
 92989 | Zot:5    | Noticed an orb of fire
 92990 | Zot:5    | Noticed an orb of fire
 92999 | Zot:5    | Killed an ancient lich
 93005 | Zot:5    | Noticed an electric golem
 93015 | Zot:5    | Killed an electric golem
 93031 | Zot:5    | Noticed a curse toe
 93047 | Zot:5    | Killed an ancient lich
 93090 | Zot:5    | Noticed an electric golem
 93098 | Zot:5    | Killed an electric golem
 93117 | Zot:5    | Noticed an orb of fire
 93124 | Zot:5    | Noticed an ancient lich
 93134 | Zot:5    | Killed an electric golem
 93136 | Zot:5    | Killed an orb of fire
 93155 | Zot:5    | Noticed a curse toe
 93169 | Zot:5    | Killed a curse toe
 93171 | Zot:5    | Killed an ancient lich
 93395 | Zot:5    | Noticed an ancient lich
 93399 | Zot:5    | Noticed an orb of fire
 93402 | Zot:5    | Gained mutation: You do not regenerate when monsters are
                  | visible. [an orb of fire]
 93406 | Zot:5    | Killed an orb of fire
 93768 | Zot:5    | Got the Orb of Zot
 93987 | Depths:5 | >>wtf happened to that bribe
 94001 | Depths:5 | Gained mutation: [Your magical capacity is low. (-10% MP)]
                  | [a neqoxec]
 94013 | Depths:5 | Lost mutation: You are very clumsy. (Dex -4) [potion of
                  | mutation]
 94013 | Depths:5 | Lost mutation: [Your magical capacity is extremely low.
                  | (-30% MP)] [potion of mutation]
 94013 | Depths:5 | Gained mutation: [Your magical capacity is extremely low.
                  | (-30% MP)] [potion of mutation]
 94013 | Depths:5 | Gained mutation: You are resistant to electric shocks.
                  | (rElec) [potion of mutation]
 94015 | Depths:5 | Lost mutation: You are clumsy. (Dex -2) [potion of
                  | mutation]
 94015 | Depths:5 | Lost mutation: Your body sometimes deteriorates upon taking
                  | damage. [potion of mutation]
 94015 | Depths:5 | Lost mutation: You are resistant to electric shocks.
                  | (rElec) [potion of mutation]
 94015 | Depths:5 | Lost mutation: You do not regenerate when monsters are
                  | visible. [potion of mutation]
 94015 | Depths:5 | Gained mutation: You have a pair of small antennae on your
                  | head. [potion of mutation]
 94447 | D:$      | Escaped with the Orb!

Levels and vault maps discovered:
D:1:      beargit_arrival_greenhouse, layout_basic
D:2:      layout_loops_ring
D:3:      minmay_angry_zag, layout_loops_ring, minmay_goblin_outpost, uniq_ijyb
D:4:      layout_cave_pods, uniq_eustachio, uniq_blork_the_orc
D:5:      layout_layer_cave, first_ration, kennysheep_slug_shrine, uniq_pikel
D:6:      layout_loops_cross, minmay_temple_entry_overgrown
D:7:      layout_gridville
D:8:      layout_cave_pools, serial_shops, nicolae_shop_behind_doors
D:9:      layout_roguey, kennysheep_little_box, hangedman_pestilent_swarm,
          minmay_crystal_water, uniq_joseph, uniq_maurice
D:10:     lemuel_castle_with_subvaults [lemuel_castle_interior_carwin_3],
          layout_irregular_city, grunt_lair_entry_orc_guard_hut, serial_shops,
          nicolae_shop_waterfront, shop, nicolae_shop_crystal, shop,
          nicolae_ru_awakened_eye, uniq_erica
D:11:     layout_irregular_city, orc_0_dummy, serial_ice, serial_ice_g,
          serial_ice_o, serial_ice_b, serial_ice_n, serial_ice_e
D:12:     minmay_bloctagon, layout_loops_ring
D:13:     layout_long_grid, elyvilon_altar_5, uniq_rupert
D:14:     minmay_guarded_unrand_guard, layout_gridville,
          lightli_vaults_fourway_checkpoint, serial_ice, serial_ice_i,
          serial_ice_g, serial_ice_h, serial_ice_f, fedhas_altar_fruit_tree,
          kennysheep_generic_room_13
D:15:     grunt_enter_depths_magical_seal, layout_loops_corners,
          lemuel_altar_in_water, lemuel_mausoleum_altar_kikubaaqudgha
Temple:   kilobyte_greek_temple
Lair:1:   layout_misc_corridors
Lair:2:   layout_misc_corridors, guppyfry_snake_entry_garden,
          beast_lair_carwin_6, infiniplex_staircase_pool_2
Lair:3:   layout_chaotic_city
Lair:4:   layout_regular_city, minmay_swamp_entry_worms,
          chequers_serial_rivers_marsh, minivault_19,
          nicolae_quartered_pool_super, uniq_sonja
Lair:5:   layout_cave_pods, ebering_ghost_rock_garden, worms_lemuel, uniq_kirke
Lair:6:   cheibrodos_lair_end_hotspot, layout_regular_city, slime_altar_2,
          nicolae_volcano_entry_vermiform, serial_bayou_shore_b
Swamp:1:  layout_basic_swamp, hangedman_swamp_ruin_wall, swamp_pool1
Swamp:2:  layout_basic_swamp, gammafunk_ghost_hydra_chop, basic_altar,
          uniq_jorgrun
Swamp:3:  layout_basic_swamp, evilmike_swamp_ruin_wall
Swamp:4:  swamp_old_school, layout_basic_swamp, swamp_pool2,
          infiniplex_staircase_pool
Snake:1:  layout_honeycomb
Snake:2:  layout_concentric_octagons, uniq_nikola
Snake:3:  layout_cave_shapes, minmay_shop_grove
Snake:4:  snake_pit_salamanders_mu, layout_cave_pods, serial_bayou_shore_b,
          uniq_vashnia
Slime:1:  layout_caves
Slime:2:  layout_caves
Slime:3:  layout_caves, cheibrodos_slime_lost_civilization_4
Slime:4:  layout_caves
Slime:5
Orc:1:    layout_diamond_mine, okawaru_metal_pillars_3
Orc:2:    grunt_orc_community_town_hall, layout_caves,
          grunt_orc_community_big_house_2, grunt_orc_community_big_house_2,
          grunt_orc_community_house_2, grunt_orc_community_house_2,
          grunt_orc_community_house_3, grunt_orc_community_house_3,
          grunt_orc_community_house_2, basic_altar, serial_shops,
          nicolae_shop_crystal, nicolae_orc_flooded_monolith,
          minmay_orc_temple_c
Elf:1:    minmay_elf_arrival_summoners, layout_gridlike,
          minmay_elf_crystal_heptagon, nicolae_rare_books
Elf:2:    layout_geoelf_diagonals
Elf:3:    minmay_elf_hall, layout_geoelf_grid
Vaults:1: nicolae_vaults_little_squares_6, vaults_mumra_minichess_inversion,
          nicolae_vaults_triangles, v_misc_14, v_alt_pattern_4,
          hangedman_vaults_nodes, grunt_vaults_hallway_short,
          ontoclasm_vaults_decontamination, dpeg_vaults_monster_box,
          layout_vaults_chaotic_city
Vaults:2: v_alt_pattern_5, minmay_crypt_entry_simple_box,
          nicolae_vaults_minivaults, nicolae_vaults_gold_heap,
          hangedman_vaults_corner, nicolae_vaults_network_quinsquares
          [nicolae_vaults_network_quincunx_subvault,
          nicolae_vaults_network_quincunx_subvault,
          nicolae_vaults_network_quincunx_subvault,
          nicolae_vaults_network_quincunx_subvault], vaults_room_door_ring,
          nicolae_vaults_rhombus_6, layout_vaults_quadrants, uniq_jory
Vaults:3: ontoclasm_vaults_tryst, grunt_vaults_funnel,
          hangedman_vaults_corner_blocks, nicolae_vaults_alarming,
          ontoclasm_vaults_ring_small, ontoclasm_vaults_fault,
          vaults_mumra_minichess, v_rooms_6, ontoclasm_vaults_idyll, st_eye,
          vaults_room_pool, v_misc_18, nicolae_vaults_little_squares_3,
          grunt_vaults_focal, nicolae_vaults_rhombus_6, layout_vaults_maze,
          serial_shops, nicolae_shop_statue_plus
Vaults:4: hangedman_vaults_locks, v_misc_11, nicolae_vaults_border_crossing,
          special_room_vaults [special_room_orc], serial_ice_h,
          ontoclasm_vaults_gateway, vaults_dpeg_diagonal,
          nicolae_vaults_yaktaur_gun_rack, v_misc_8, nicolae_vaults_rhombus_5,
          nicolae_vaults_three_branches, hangedman_vaults_stretched_pinwheel,
          v_misc_19, nicolae_vaults_little_squares_2, vaults_room_door_hall,
          layout_vaults_ring, uniq_sojobo
Vaults:5
Depths:1: layout_basic, enter_ziggurat_f, lightli_too_deep,
          minmay_misc_feat_roman, gammafunk_ghost_wrathful_warriors,
          mu_enter_wizlab_4, water_boxes_lemuel, uniq_asterion
Depths:2: constructs_gauntlet_mu_hangedman, layout_long_grid, serial_shops,
          shop, rand_demon_pan_entry_9, hell_entry, abyss_entry,
          infiniplex_staircase_trident, uniq_aizul
Depths:3: grunt_house_of_mirrors, layout_basic, rand_demon_pan_entry_5,
          hell_entry, serial_sigils_hangedman_leer,
          minmay_staircase_windowed_small
Depths:4: nicolae_whirlpool, layout_small_grid, hellmouth_3,
          nicolae_water_bricks, nicolae_trove_entry_path_of_doom, abyss_entry
Depths:5: evilmike_zot_entry_round, layout_cave_pools,
          pf_vacation_house_of_asmodeus, nicolae_two_hexagons,
          minmay_misc_feat_pillars
Zot:1:    cheibrodos_zot_enchanting_chambers, layout_onion_interference
Zot:2:    layout_onion_interference
Zot:3:    layout_onion_interference, grunt_megastairs_4
Zot:4:    layout_basic, gammafunk_ghost_crypt
Zot:5:    layout_gridlike, st_stairs_7

Skill      XL: |  1  2  3  4  5  6  7  8  9 10 11 12 13 14 15 16 17 18 19 20 21 22 23 24 25 26 27 |
---------------+----------------------------------------------------------------------------------+-----
Invocations    | 1 2 3 4 5 6 7 8 9 10 11 12 13 14 15 16 17 18 | 18.6
Short Blades   | 1 2 3 4 5 6 7 8 9 10 11 12 13 14 15 16 17 | 17.3
Long Blades    | 1 2 3 4 5 6 7 8 9 10 11 12 13 14 15 16 17 | 17.3
Axes           | 1 2 3 4 5 6 7 8 9 10 11 12 13 14 15 16 17 | 17.3
Maces & Flails | 1 2 3 4 5 6 7 8 9 10 11 12 13 14 15 16 17 | 17.3
Polearms       | 1 2 3 4 5 6 7 8 9 10 11 12 13 14 15 16 17 | 17.3
Staves         | 1 2 3 4 5 6 7 8 9 10 11 12 13 14 15 16 17 | 17.3
Bows           | 1 2 3 4 5 6 7 8 9 10 11 12 13 14 15 16 17 | 17.3
Crossbows      | 1 2 3 4 5 6 7 8 9 10 11 12 13 14 15 16 17 | 17.3
Throwing       | 1 2 3 4 5 6 7 8 9 10 11 12 13 14 15 16 17 | 17.3
Armour         | 1 2 3 4 5 6 7 8 9 10 11 12 13 14 15 16 17 | 17.3
Stealth        | 1 2 3 4 5 6 7 8 9 10 11 12 13 14 15 16 17 | 17.3
Shields        | 1 2 3 4 5 6 7 8 9 10 11 12 13 14 15 16 17 | 17.3
Unarmed Combat | 1 2 3 4 5 6 7 8 9 10 11 12 13 14 15 16 17 | 17.3
Evocations     | 1 2 3 4 5 6 7 8 9 10 11 12 13 14 15 16 17 | 17.3
Spellcasting   | 3 4 5 6 7 8 9 10 11 12 13 14 15 16 17 | 17.4
Conjurations   | 1 2 3 4 5 6 7 8 9 10 11 12 13 14 | 14.9
Charms         | 1 2 3 4 5 6 7 8 9 10 11 12 13 14 | 14.9
Summonings     | 1 2 3 4 5 6 7 8 9 10 11 12 13 14 | 14.9
Necromancy     | 1 2 3 4 5 6 7 8 9 10 11 12 13 14 | 14.9
Translocations | 1 2 3 4 5 6 7 8 9 10 11 12 13 14 | 14.9
Transmutations | 1 2 3 4 5 6 7 8 9 10 11 12 13 14 | 14.9
Fire Magic     | 1 2 3 4 5 6 7 8 9 10 11 12 13 14 | 14.9
Ice Magic      | 1 2 3 4 5 6 7 8 9 10 11 12 13 14 | 14.9
Air Magic      | 1 2 3 4 5 6 7 8 9 10 11 12 13 14 | 14.9
Earth Magic    | 1 2 3 4 5 6 7 8 9 10 11 12 13 14 | 14.9
Poison Magic   | 1 2 3 4 5 6 7 8 9 10 11 12 13 14 | 14.9
Fighting       | 3 4 5 6 7 8 9 10 11 12 13 14 15 16 17 | 17.4
Slings         | 5 6 7 8 9 10 11 12 13 14 15 16 17 | 17.7
Dodging        | 5 6 7 8 9 10 11 12 13 14 15 16 17 | 17.7
Hexes          | 6 7 8 9 10 11 12 13 14 15 | 15.6

Action                   |  1- 3 |  4- 6 |  7- 9 | 10-12 | 13-15 | 16-18 | 19-21 | 22-24 | 25-27 || total
-------------------------+-------+-------+-------+-------+-------+-------+-------+-------+-------++-------
Melee: Dagger            |       |     7 |    25 |       |       |       |       |       |       ||    32
       Flail             |       |     2 |       |    17 |       |       |       |       |       ||    19
       Bite              |       |       |    36 |    81 |    97 |    41 |    52 |   148 |   189 ||   644
       Unarmed           |       |       |     2 |       |       |       |       |       |       ||     2
       Rapier            |       |       |   240 |   452 |   571 |    29 |     1 |       |       ||  1293
       Punch             |       |       |     2 |    18 |    37 |     4 |       |       |       ||    61
       Spear             |       |       |       |    16 |       |       |       |       |       ||    16
       Morningstar       |       |       |       |       |    28 |       |       |       |       ||    28
       Broad axe         |       |       |       |       |       |   240 |   384 |   881 |  1101 ||  2606
       Scimitar          |       |       |       |       |       |    23 |       |       |       ||    23
       Long sword        |       |       |       |       |       |       |    13 |       |       ||    13
       Kick              |       |       |       |       |       |       |       |       |     2 ||     2
 Fire: Hunting sling     |    98 |   320 |   187 |   587 |   673 |  1413 |   613 |       |       ||  3891
       Hand crossbow     |       |       |       |       |       |       |   944 |   995 |   255 ||  2194
Throw: Stone             |       |     1 |    18 |    55 |    44 |       |       |       |       ||   118
       Boomerang         |       |       |       |    22 |   141 |    95 |    38 |    35 |   163 ||   494
       Dart              |       |       |       |     3 |    93 |    14 |       |       |       ||   110
       Javelin           |       |       |       |       |       |       |       |       |     8 ||     8
 Cast: Corona            |     3 |    21 |    53 |    67 |    27 |    17 |       |       |       ||   188
       Slow              |       |     3 |    11 |    34 |     9 |    10 |       |       |       ||    67
       Confusing Touch   |       |       |    22 |    37 |    25 |     2 |     4 |       |       ||    90
       Conjure Flame     |       |       |     1 |     8 |     4 |       |       |       |       ||    13
       Cause Fear        |       |       |       |     5 |     4 |     1 |       |       |       ||    10
       Summon Lightning  |       |       |       |    58 |   119 |   110 |    70 |    19 |     2 ||   378
       Blink             |       |       |       |     6 |     8 |     8 |     8 |       |     1 ||    31
       Sticky Flame      |       |       |       |     7 |   129 |    49 |     9 |       |       ||   194
       Olgreb's Toxic Ra |       |       |       |     8 |    45 |    59 |    39 |    22 |     1 ||   174
       Irradiate         |       |       |       |       |       |     8 |     3 |       |     4 ||    15
       Deflect Missiles  |       |       |       |       |       |     3 |    26 |     9 |     8 ||    46
       Statue Form       |       |       |       |       |       |     1 |     1 |    22 |    19 ||    43
       Borgnjor's Vile C |       |       |       |       |       |       |    90 |    32 |    22 ||   144
       Apportation       |       |       |       |       |       |       |    10 |     7 |    77 ||    94
       Portal Projectile |       |       |       |       |       |       |     7 |     2 |     1 ||    10
Invok: Call Merchant     |       |       |       |     1 |     2 |     2 |     2 |       |       ||     7
       Bribe Branch      |       |       |       |       |       |       |       |       |     5 ||     5
 Abil: Stop Flying       |       |       |       |       |       |       |       |     4 |       ||     4
       Evoke Flight      |       |       |       |       |       |       |       |     4 |       ||     4
       End Transformatio |       |       |       |       |       |       |       |     3 |     3 ||     6
Evoke: Wand              |       |     1 |    13 |    38 |    26 |    12 |     9 |     5 |     9 ||   113
       Lamp of fire      |       |       |       |     1 |     1 |     3 |     1 |       |       ||     6
       Fan of gales      |       |       |       |     1 |       |     1 |       |     1 |       ||     3
       Phial of floods   |       |       |       |     1 |       |       |       |       |       ||     1
  Use: Scroll            |       |     4 |     9 |    13 |    15 |    14 |    20 |    16 |    32 ||   123
       Potion            |       |       |     8 |     5 |     5 |     9 |     5 |     4 |    20 ||    56
 Stab: Sleeping          |       |       |     6 |     6 |    23 |     3 |     2 |       |     1 ||    41
       Confused          |       |       |    10 |    16 |    22 |       |       |       |       ||    48
       Distracted        |       |       |     1 |     6 |    10 |    15 |     6 |    12 |    25 ||    75
       Paralysed         |       |       |       |     1 |     1 |       |       |       |       ||     2
  Eat: Chunk             |     1 |     7 |     5 |       |       |       |       |       |       ||    13
       Ration            |       |       |     5 |    15 |    23 |    16 |    22 |    14 |    12 ||   107
Armor: Leather armour    |       |    13 |       |       |       |       |       |       |       ||    13
       Robe              |       |     2 |       |       |       |       |       |       |       ||     2
       Ring mail         |       |    37 |   104 |   152 |   206 |   154 |   145 |   189 |   176 ||  1163
       Skin              |       |       |    15 |       |       |    26 |    12 |   216 |   200 ||   469
       Chain mail        |       |       |       |     9 |       |       |       |       |       ||     9
Dodge: Dodged            |    14 |   122 |   275 |   439 |   562 |   462 |   538 |  1177 |   898 ||  4487
       Deflected         |       |       |       |       |       |    22 |   151 |    95 |    83 ||   351
Block: Buckler           |       |       |       |       |       |   166 |   277 |   148 |       ||   591
       Shield            |       |       |       |       |       |       |       |   732 |   430 ||  1162
       Large shield      |       |       |       |       |       |       |       |       |   897 ||   897
       Rpst.: Scimitar   |       |       |       |       |       |     2 |       |       |       ||     2
